 Dungeon Crawl Stone Soup version 0.19.0 (webtiles) character file.

795 CanadianGator the Chopper (level 7, -12/60 HPs)
             Began as a Minotaur Berserker on Nov 15, 2016.
             Was a Priest of Trog.
             Mangled by an ogre
             ... wielding a +0 giant spiked club
              (17 damage)
             ... on level 5 of the Dungeon.
             The game lasted 00:11:13 (3029 turns).

CanadianGator the Chopper (Minotaur Berserker)      Turns: 3029, Time: 00:11:14

Health: -12/60     AC: 13    Str: 23    XL:     7   Next: 58%
Magic:  6/6        EV:  8    Int:  4    God:    Trog [***...]
Gold:   231        SH:  0    Dex: 10    Spells: 0 memorised, 6 levels left

rFire  . . .     SeeInvis .     a - +1 hand axe
rCold  . . .     Gourm    .     o - +0 plate armour
rNeg   . . .     Faith    .     (no shield)
rPois  .         Spirit   .     (helmet restricted)
rElec  .         Reflect  .     (no cloak)
rCorr  .         Harm     .     k - +0 pair of gloves
MR     .....                    (no boots)
Stlth  ..........               (no amulet)
                                (no ring)
                                (no ring)

@: exhausted, slowed, very slow
A: retaliatory headbutt, horns 2
a: Berserk, Trog's Hand, Burn Spellbooks, Renounce Religion


You were on level 5 of the Dungeon.
You worshipped Trog.
Trog was most pleased with you.
You were not hungry.

You visited 1 branch of the dungeon, and saw 5 of its levels.

You collected 231 gold pieces.

Inventory:

Hand Weapons
 a - a +1 hand axe (weapon)
Missiles
 b - 25 bolts
 g - 49 arrows
Armour
 k - a +0 pair of gloves (worn)
 o - a +0 plate armour (worn)
Wands
 q - a wand of slowing (16/48)
 t - a wand of iceblast (10/15)
Scrolls
 j - 3 scrolls of remove curse
 l - a scroll of recharging
 n - a scroll of teleportation
Potions
 d - a potion of might
 e - a potion of brilliance
 h - a potion of agility
 i - 3 potions of curing
 m - 2 potions of lignification
 r - a potion of flight
 s - a potion of heal wounds {unknown}
Comestibles
 c - 2 bread rations
 f - a slice of pizza
 p - a royal jelly
 u - a chunk of flesh


   Skills:
 + Level 4.8 Fighting
 * Level 7.9 Axes
 * Level 5.9 Armour
 * Level 4.1 Dodging


You had 6 spell levels left.
You didn't know any spells.

Dungeon Overview and Level Annotations

Branches:
Dungeon (5/15)             Temple (0/1) D:4

Altars:
Ashenzari


Innate Abilities, Weirdness & Mutations

You reflexively headbutt those who attack you in melee.
You have a pair of horns on your head.


Message History

You see here a quokka corpse.
You butcher the quokka corpse.
u - 2 chunks of flesh You see here a quokka skeleton.
You start resting.
Eating one of 2 chunks of flesh.
You start eating one of the 2 chunks of flesh.
This raw flesh tastes terrible.
An ogre comes into view. It is wielding a giant spiked club.
An ogre is nearby!
An ogre is nearby!
The ogre shouts!
The ogre hits you with a giant spiked club!
You hit the ogre. You headbutt the ogre.
The ogre is moderately wounded.
The ogre hits you with a giant spiked club!!
* * * LOW HITPOINT WARNING * * *
You closely miss the ogre. You headbutt the ogre.
The ogre is heavily wounded.
The ogre hits you with a giant spiked club!
You die...

... ......>...... .(#
##....[...... #.#
#####............ #. #.#
#................ #.#
#.###.....#.......... #.#
##.)##.).............. #.#
#...)))....†..<......# #.#
##...)))...O#....)....#
#.###..†.......@###......##
#.##.......#....# #####..#
##.......##.##.)÷# ..#
.....#.####......## ..#
.......####..)....# #
......##....###....#
.....###.#### ##......
.........# ###.....
......#### ##...


You could see an ogre.

Vanquished Creatures
  Sigmund (D:5)
  Edmund (D:5)
  Blork the orc (D:5)
  A howler monkey (D:5)
  A crimson imp (D:5)
  A hound (D:5)
  2 orc wizards (D:3)
  Jessica (D:2)
  Ijyb (D:2)
  3 worker ants
  5 gnolls
  4 adders
  An ooze (D:4)
  3 worms
  A dart slug (D:1)
  7 leopard geckos
  12 orcs
  4 giant cockroaches
  7 hobgoblins
  3 quokkas
  5 bats
  5 frilled lizards
  7 goblins
  5 kobolds
  2 quokka skeletons (D:4)
  6 rats
90 creatures vanquished.

Notes
Turn   | Place    | Note
-------+----------+-------------------------------------------
     0 | D:1      | CanadianGator the Minotaur Berserker began the quest for the Orb.
     0 | D:1      | Reached XP level 1. HP: 19/19 MP: 0/0
   243 | D:1      | Reached XP level 2. HP: 23/27 MP: 1/1
   275 | D:1      | Reached skill level 4 in Axes
   646 | D:1      | Reached XP level 3. HP: 17/33 MP: 2/2
   993 | D:1      | Reached ** piety under Trog
  1293 | D:2      | Found a shattered altar of Ashenzari.
  1299 | D:2      | Saw a vision of the Shoals and the Snake Pit.
  1299 | D:2      | Noticed a siren
  1299 | D:2      | Noticed a hippogriff
  1299 | D:2      | Noticed a naga
  1299 | D:2      | Noticed a merfolk
  1299 | D:2      | Noticed a black mamba
  1299 | D:2      | Noticed a sea snake
  1299 | D:2      | Noticed a naga
  1299 | D:2      | Noticed a naga
  1299 | D:2      | Noticed an anaconda
  1300 | D:2      | Noticed a centaur
  1300 | D:2      | Noticed a naga
  1300 | D:2      | Noticed a black mamba
  1300 | D:2      | Noticed a sea snake
  1303 | D:2      | Noticed a salamander
  1307 | D:2      | Noticed Jessica
  1315 | D:2      | Killed Jessica
  1315 | D:2      | Reached skill level 5 in Axes
  1315 | D:2      | Reached XP level 4. HP: 34/40 MP: 3/3
  1422 | D:2      | Noticed Ijyb
  1437 | D:2      | Killed Ijyb
  1785 | D:3      | Reached XP level 5. HP: 35/46 MP: 4/4
  1787 | D:3      | Reached *** piety under Trog
  2453 | D:4      | Found a staircase to the Ecumenical Temple.
  2467 | D:4      | Reached skill level 6 in Axes
  2590 | D:4      | Reached XP level 6. HP: 49/52 MP: 5/5
  2841 | D:5      | Entered Level 5 of the Dungeon
  2847 | D:5      | Noticed Blork the orc
  2848 | D:5      | Noticed Edmund
  2856 | D:5      | Killed Blork the orc
  2865 | D:5      | Reached skill level 5 in Armour
  2871 | D:5      | Killed Edmund
  2871 | D:5      | Reached skill level 7 in Axes
  2871 | D:5      | Reached XP level 7. HP: 41/60 MP: 6/6
  2993 | D:5      | Noticed Sigmund
  3004 | D:5      | Killed Sigmund
  3029 | D:5      | Mangled by an ogre

Skill      XL: |  1  2  3  4  5  6  7 |
---------------+----------------------+-----
Axes           | 4 5 6 7 |  7.9
Fighting       | 4 |  4.8
Armour         | 3 4 5 |  5.9
Dodging        | 3 4 |  4.1

Action                   |  1- 3 |  4- 6 |  7- 9 || total
-------------------------+-------+-------+-------++-------
Melee: Hand axe          |    71 |   142 |    30 ||   243
       Headbutt          |    10 |    22 |     4 ||    36
Invok: Berserk           |       |     1 |     1 ||     2
  Use: Scroll            |     5 |     6 |     2 ||    13
       Potion            |       |     3 |       ||     3
 Stab: Sleeping          |     1 |       |       ||     1
  Eat: Bread ration      |       |     1 |       ||     1
       Pizza             |       |     1 |       ||     1
       Chunk             |       |       |     3 ||     3
Armor: Animal skin       |    11 |       |       ||    11
       Ring mail         |     4 |    36 |       ||    40
       Plate armour      |       |    45 |    20 ||    65
Dodge: Dodged            |    33 |    95 |    11 ||   139
